| TOP OF THE 1ST |
|
Lehigh Valley IronPigs batting - Pitching for El Paso Chihuahuas : LHP Yuri Thra
|
|
Pitching: LHP Yuri Thra
|
|
|
Batting: LHB Osamu Kubo
|
0-0: Ball 1-0: Ball 2-0: Ground out 4-3 (Groundball, 4, EV 84.4 MPH)
|
|
Batting: RHB Matt Sanders
|
0-0: Called Strike 0-1: Ground out 4-3 (Groundball, 6M, EV 106.2 MPH)
|
|
Batting: SHB Lance Franklin
|
0-0: Ball 1-0: Ground out 3-1 (Groundball, 13, EV 85.0 MPH)
|
| Top of the 1st over - 0 runs, 0 hits, 0 errors, 0 left on base; Lehigh Valley 0 - El Paso 0 |
| BOTTOM OF THE 1ST |
|
El Paso Chihuahuas batting - Pitching for Lehigh Valley IronPigs : RHP Nick Turner
|
|
Pitching: RHP Nick Turner
|
|
|
Batting: SHB Steve Killion
|
0-0: Ground out U3 (Groundball, 3L, EV 100.0 MPH)
|
|
Batting: RHB Rudolf Gommers
|
0-0: Called Strike 0-1: Ball 1-1: Ball 2-1: Called Strike 2-2: Fly out, F6 (Popup, 6, EV 70.0 MPH)
|
|
Batting: LHB Ben Antal
|
0-0: Ball 1-0: SINGLE (Groundball, 3D, EV 105.0 MPH)
|
|
Batting: RHB Jose Morrissey
|
0-0: Ball Wild Pitch! Ben Antal to second 1-0: Called Strike 1-1: Ball 2-1: Ground out 4-3 (Groundball, 4, EV 103.1 MPH)
|
| Bottom of the 1st over - 0 runs, 1 hit, 0 errors, 1 left on base; Lehigh Valley 0 - El Paso 0 |
| TOP OF THE 2ND |
|
Lehigh Valley IronPigs batting - Pitching for El Paso Chihuahuas : LHP Yuri Thra
|
|
Batting: RHB Josh Hensley
|
0-0: Ball 1-0: Ball 2-0: Called Strike 2-1: SINGLE (Groundball, 56D, EV 101.2 MPH)
|
|
Batting: RHB Julian Nijhuis
|
0-0: Foul Ball, location: 2F 0-1: Grounds into double play, 4-6-3 (Groundball, 4, EV 81.9 MPH)
|
|
Batting: RHB Young-tae Yoo
|
0-0: Fly out, F2 (Popup, 3SF, EV 79.4 MPH)
|
| Top of the 2nd over - 0 runs, 1 hit, 0 errors, 0 left on base; Lehigh Valley 0 - El Paso 0 |
| BOTTOM OF THE 2ND |
|
El Paso Chihuahuas batting - Pitching for Lehigh Valley IronPigs : RHP Nick Turner
|
|
Batting: SHB Devin Hottenstein
|
0-0: Ball 1-0: Swinging Strike 1-1: Foul Ball, location: 2F 1-2: Strikes out swinging
|
|
Batting: SHB Gregg Whitecotton
|
0-0: Called Strike 0-1: Ball 1-1: Ball 2-1: Ball 3-1: Called Strike 3-2: Fly out, F8 (Flyball, 8LXD, EV 95.6 MPH)
|
|
Batting: LHB Luis Cruz
|
0-0: Ball 1-0: Foul Ball, location: 2F 1-1: Ball 2-1: Ball 3-1: Called Strike 3-2: Base on Balls
|
|
Batting: RHB Oscar Fausto
|
0-0: Ball 1-0: Ground out 5-3 (Groundball, 56S, EV 87.5 MPH)
|
| Bottom of the 2nd over - 0 runs, 0 hits, 0 errors, 1 left on base; Lehigh Valley 0 - El Paso 0 |
| TOP OF THE 3RD |
|
Lehigh Valley IronPigs batting - Pitching for El Paso Chihuahuas : LHP Yuri Thra
|
|
Batting: LHB Tyler Allen
|
0-0: Fly out, F5 (Popup, 56, EV 57.5 MPH)
|
|
Batting: RHB Chris Pounds
|
0-0: Called Strike 0-1: Ball 1-1: Ball 2-1: Ball 3-1: Swinging Strike 3-2: Ground out 6-3 (Groundball, 6, EV 79.4 MPH)
|
|
Batting: RHB Aaron Burress
|
0-0: Ball 1-0: SINGLE (Groundball, 6MD, EV 108.1 MPH)
|
|
Batting: LHB Osamu Kubo
|
0-0: Ball 1-0: Ball 2-0: Ball 3-0: Base on Balls Aaron Burress to second
|
|
Batting: RHB Matt Sanders
|
0-0: Ball 1-0: Called Strike 1-1: Swinging Strike 1-2: Ball 2-2: Ball 3-2: Ground out 5-3 (Groundball, 5, EV 83.1 MPH)
|
| Top of the 3rd over - 0 runs, 1 hit, 0 errors, 2 left on base; Lehigh Valley 0 - El Paso 0 |
| BOTTOM OF THE 3RD |
|
El Paso Chihuahuas batting - Pitching for Lehigh Valley IronPigs : RHP Nick Turner
|
|
Batting: SHB Chris Haugen
|
0-0: Ball 1-0: Called Strike 1-1: Ball 2-1: Ball 3-1: Called Strike 3-2: Base on Balls
|
|
Batting: SHB Steve Killion
|
0-0: Foul Ball, location: 2F 0-1: Ball 1-1: Ball 2-1: Ball 3-1: Foul Ball, location: 2F 3-2: DOUBLE (Line Drive, 89D, EV 107.5 MPH) Chris Haugen to third
|
|
Batting: RHB Rudolf Gommers
|
0-0: Foul Ball, location: 2F 0-1: Swinging Strike 0-2: Foul Ball, location: 2F 0-2: Ball 1-2: Fly out, F9 (Flyball, 9D, EV 95.0 MPH) Runner from 3rd tags up, SCORES, throw by RF Steve Killion to third
|
|
Batting: LHB Ben Antal
|
0-0: Ball 1-0: Foul Ball, location: 2F 1-1: Swinging Strike 1-2: Strikes out looking
|
|
Batting: RHB Jose Morrissey
|
0-0: Swinging Strike 0-1: Ball 1-1: Ball 2-1: Ball 3-1: Ground out 6-3 (Groundball, 56, EV 85.6 MPH)
|
| Bottom of the 3rd over - 1 run, 1 hit, 0 errors, 1 left on base; Lehigh Valley 0 - El Paso 1 |
| TOP OF THE 4TH |
|
Lehigh Valley IronPigs batting - Pitching for El Paso Chihuahuas : LHP Yuri Thra
|
|
Batting: SHB Lance Franklin
|
0-0: Ball 1-0: Swinging Strike 1-1: Fly out, F9 (Line Drive, 9, EV 98.8 MPH)
|
|
Batting: RHB Josh Hensley
|
0-0: Ball 1-0: Ball 2-0: Foul Ball, location: 2F 2-1: Foul Ball, location: 2F 2-2: Ground out U3 (Groundball, 3, EV 93.1 MPH)
|
|
Batting: RHB Julian Nijhuis
|
0-0: Swinging Strike 0-1: Foul Ball, location: 2F 0-2: Foul Ball, location: 2F 0-2: Ball 1-2: Ground out 6-3 (Groundball, 6, EV 87.5 MPH)
|
| Top of the 4th over - 0 runs, 0 hits, 0 errors, 0 left on base; Lehigh Valley 0 - El Paso 1 |
| BOTTOM OF THE 4TH |
|
El Paso Chihuahuas batting - Pitching for Lehigh Valley IronPigs : RHP Nick Turner
|
|
Batting: SHB Devin Hottenstein
|
0-0: Ball 1-0: Called Strike 1-1: Fly out, F5 (Flyball, 5D, EV 80.6 MPH)
|
|
Batting: SHB Gregg Whitecotton
|
0-0: Ball 1-0: Called Strike 1-1: Foul Ball, location: 2F 1-2: SINGLE (Groundball, P, EV 81.9 MPH) (infield hit)
|
|
Batting: LHB Luis Cruz
|
0-0: Ball 1-0: Ball 2-0: Called Strike 2-1: Foul Ball, location: 2F 2-2: Strikes out swinging
|
|
Batting: RHB Oscar Fausto
|
0-0: Called Strike 0-1: Ball 1-1: Ball 2-1: Ball Gregg Whitecotton steals 2nd base 3-1: Swinging Strike 3-2: Foul Ball, location: 2F 3-2: Foul Ball, location: 2F 3-2: Foul Ball, location: 2F 3-2: DOUBLE (Line Drive, 89XD, EV 107.5 MPH) Gregg Whitecotton scores
|
|
Batting: SHB Chris Haugen
|
0-0: Foul Ball, location: 2F 0-1: Ball 1-1: Ball 2-1: DOUBLE (Line Drive, 5D, EV 104.4 MPH) Oscar Fausto scores
|
|
Batting: SHB Steve Killion
|
0-0: Ball 1-0: Foul Ball, location: 2F 1-1: Ground out U3 (Groundball, 3S, EV 86.9 MPH)
|
| Bottom of the 4th over - 2 runs, 3 hits, 0 errors, 1 left on base; Lehigh Valley 0 - El Paso 3 |
| TOP OF THE 5TH |
|
Lehigh Valley IronPigs batting - Pitching for El Paso Chihuahuas : LHP Yuri Thra
|
|
Batting: RHB Young-tae Yoo
|
0-0: Swinging Strike 0-1: Fly out, F9 (Flyball, 89S, EV 88.1 MPH)
|
|
Batting: LHB Tyler Allen
|
0-0: Called Strike 0-1: Fly out, F8 (Flyball, 8RD, EV 95.6 MPH)
|
|
Batting: RHB Chris Pounds
|
0-0: Swinging Strike 0-1: Foul Ball, location: 2F 0-2: Ball 1-2: SOLO HOME RUN (Flyball, 89XD, EV 100.6 MPH), Distance : 421 ft
|
|
Batting: RHB Aaron Burress
|
0-0: SINGLE (Groundball, P, EV 77.5 MPH) (infield hit)
|
|
Batting: LHB Osamu Kubo
|
0-0: Fly out, F3 (Line Drive, 3, EV 68.8 MPH)
|
| Top of the 5th over - 1 run, 2 hits, 0 errors, 1 left on base; Lehigh Valley 1 - El Paso 3 |
| BOTTOM OF THE 5TH |
|
El Paso Chihuahuas batting - Pitching for Lehigh Valley IronPigs : RHP Nick Turner
|
|
Batting: RHB Rudolf Gommers
|
0-0: Called Strike 0-1: Foul Ball, location: 2F 0-2: Foul Ball, location: 2F 0-2: Ball 1-2: Foul Ball, location: 2F 1-2: SINGLE (Groundball, 56D, EV 95.0 MPH)
|
|
Batting: LHB Ben Antal
|
0-0: Ball 1-0: Ball 2-0: Called Strike 2-1: Foul Ball, location: 2F 2-2: Foul Ball, location: 2F 2-2: Fly out, F9 (Flyball, 9D, EV 102.5 MPH)
|
|
Batting: RHB Jose Morrissey
|
0-0: DOUBLE (Flyball, 8RXD, EV 111.9 MPH) Rudolf Gommers to third Runner from 3rd tries for Home, SAFE, throw by CF to trailing runner, SAFE at third!
|
|
Batting: SHB Devin Hottenstein
|
0-0: Called Strike 0-1: Called Strike 0-2: Ball 1-2: Ball 2-2: Ball 3-2: Base on Balls
|
|
Pitching: RHP Masataka Kawai
|
|
|
Batting: SHB Gregg Whitecotton
|
0-0: Called Strike 0-1: Ball 1-1: 3-RUN HOME RUN (Flyball, 9D, EV 108.1 MPH), Distance : 384 ft
|
|
Batting: LHB Luis Cruz
|
0-0: Ball 1-0: SINGLE (Groundball, 34D, EV 100.6 MPH)
|
|
Batting: RHB Oscar Fausto
|
0-0: Ball Luis Cruz steals 2nd base 1-0: Called Strike 1-1: Ball 2-1: Ball 3-1: Foul Ball, location: 2F 3-2: Base on Balls
|
|
Batting: SHB Chris Haugen
|
0-0: Ball 1-0: Foul Ball, location: 2F 1-1: Foul Ball, location: 2F 1-2: Foul Ball, location: 2F 1-2: Foul Ball, location: 2F 1-2: Ball 2-2: Ball 3-2: Foul Ball, location: 2F 3-2: Base on Balls Luis Cruz to third Oscar Fausto to second
|
|
Batting: SHB Steve Killion
|
0-0: Called Strike 0-1: Foul Ball, location: 2F 0-2: Foul Ball, location: 2F 0-2: Ball 1-2: Strikes out swinging
|
|
Batting: RHB Rudolf Gommers
|
0-0: Called Strike 0-1: Ball 1-1: Swinging Strike 1-2: Ball 2-2: Foul Ball, location: 2F 2-2: Strikes out swinging
|
| Bottom of the 5th over - 4 runs, 4 hits, 0 errors, 3 left on base; Lehigh Valley 1 - El Paso 7 |
| TOP OF THE 6TH |
|
Lehigh Valley IronPigs batting - Pitching for El Paso Chihuahuas : LHP Yuri Thra
|
|
Batting: RHB Matt Sanders
|
0-0: Foul Ball, location: 2F 0-1: Ball 1-1: Ball 2-1: SOLO HOME RUN (Flyball, 7D, EV 96.2 MPH), Distance : 388 ft
|
|
Batting: SHB Lance Franklin
|
0-0: Foul Ball, location: 2F 0-1: Called Strike 0-2: Ball 1-2: Foul Ball, location: 2F 1-2: Strikes out looking
|
|
Batting: RHB Josh Hensley
|
0-0: Called Strike 0-1: Foul Ball, location: 2F 0-2: Strikes out swinging
|
|
Batting: RHB Julian Nijhuis
|
0-0: Called Strike 0-1: Ball 1-1: Ball 2-1: Ball 3-1: Base on Balls
|
|
Batting: RHB Young-tae Yoo
|
0-0: Ball 1-0: Ball 2-0: Fly out, F8 (Flyball, 89D, EV 94.4 MPH)
|
| Top of the 6th over - 1 run, 1 hit, 0 errors, 1 left on base; Lehigh Valley 2 - El Paso 7 |
| BOTTOM OF THE 6TH |
|
El Paso Chihuahuas batting - Pitching for Lehigh Valley IronPigs : RHP Masataka Kawai
|
|
Batting: LHB Ben Antal
|
0-0: Ball 1-0: Foul Ball, location: 2F 1-1: Called Strike 1-2: Strikes out swinging
|
|
Batting: RHB Jose Morrissey
|
0-0: Ball 1-0: Ball 2-0: Called Strike 2-1: SINGLE (Groundball, 56D, EV 98.1 MPH)
|
|
Batting: SHB Devin Hottenstein
|
0-0: Called Strike Jose Morrissey steals 2nd base 0-1: Ball 1-1: Ball 2-1: Swinging Strike 2-2: DOUBLE (Line Drive, 7LM, EV 111.9 MPH) Jose Morrissey scores
|
|
Pitching: RHP Clarros Pedrogo
|
|
|
Batting: SHB Gregg Whitecotton
|
0-0: Called Strike 0-1: Foul Ball, location: 2F 0-2: Strikes out swinging
|
|
Batting: LHB Luis Cruz
|
0-0: Fly out, F7 (Flyball, 7, EV 88.1 MPH)
|
| Bottom of the 6th over - 1 run, 2 hits, 0 errors, 1 left on base; Lehigh Valley 2 - El Paso 8 |
| TOP OF THE 7TH |
|
Lehigh Valley IronPigs batting - Pitching for El Paso Chihuahuas : LHP Yuri Thra
|
|
Batting: LHB Tyler Allen
|
0-0: Foul Ball, location: 2F 0-1: Ball 1-1: Ball 2-1: Called Strike 2-2: Foul Ball, location: 2F 2-2: Ball 3-2: Foul Ball, location: 2F 3-2: Foul Ball, location: 2F 3-2: Foul Ball, location: 2F 3-2: Foul Ball, location: 2F 3-2: Base on Balls
|
|
Batting: RHB Chris Pounds
|
0-0: Ball 1-0: Called Strike 1-1: Swinging Strike 1-2: Ball 2-2: Ball 3-2: Strikes out looking
|
|
Batting: RHB Aaron Burress
|
0-0: Ball 1-0: Called Strike 1-1: Ball 2-1: Ball 3-1: Base on Balls Tyler Allen to second
|
|
Pitching: RHP Warren Swan
|
|
|
Batting: LHB Osamu Kubo
|
0-0: Ball 1-0: Ball 2-0: Foul Ball, location: 2F 2-1: Ball 3-1: Foul Ball, location: 2F 3-2: Foul Ball, location: 2F 3-2: Base on Balls Tyler Allen to third Aaron Burress to second
|
|
Batting: RHB Matt Sanders
|
0-0: Ball 1-0: Ball 2-0: Called Strike 2-1: Called Strike 2-2: Strikes out swinging
|
|
Batting: SHB Lance Franklin
|
0-0: Ball 1-0: Swinging Strike 1-1: Swinging Strike 1-2: Ball 2-2: Ball 3-2: Strikes out swinging
|
| Top of the 7th over - 0 runs, 0 hits, 0 errors, 3 left on base; Lehigh Valley 2 - El Paso 8 |
| BOTTOM OF THE 7TH |
|
El Paso Chihuahuas batting - Pitching for Lehigh Valley IronPigs : RHP Clarros Pedrogo
|
|
Batting: RHB Oscar Fausto
|
0-0: Ball 1-0: Called Strike 1-1: Foul Ball, location: 2F 1-2: Ball 2-2: Strikes out swinging
|
|
Batting: SHB Chris Haugen
|
0-0: Ball 1-0: Ball 2-0: Called Strike 2-1: Ball 3-1: Called Strike 3-2: Ground out 4-3 (Groundball, 4, EV 86.9 MPH)
|
|
Batting: SHB Steve Killion
|
0-0: Ball 1-0: Called Strike 1-1: Foul Ball, location: 2F 1-2: Ball 2-2: Strikes out swinging
|
| Bottom of the 7th over - 0 runs, 0 hits, 0 errors, 0 left on base; Lehigh Valley 2 - El Paso 8 |
| TOP OF THE 8TH |
|
Lehigh Valley IronPigs batting - Pitching for El Paso Chihuahuas : RHP Warren Swan
|
|
Batting: RHB Josh Hensley
|
0-0: Ball 1-0: Ball 2-0: Ball 3-0: Called Strike 3-1: Base on Balls
|
|
Batting: RHB Julian Nijhuis
|
0-0: Ball 1-0: Fly out, F7 (Flyball, 7LM, EV 86.9 MPH)
|
|
Batting: RHB Young-tae Yoo
|
0-0: Called Strike 0-1: Grounds into double play, 5-4-3 (Groundball, 5, EV 91.2 MPH)
|
| Top of the 8th over - 0 runs, 0 hits, 0 errors, 0 left on base; Lehigh Valley 2 - El Paso 8 |
| BOTTOM OF THE 8TH |
|
El Paso Chihuahuas batting - Pitching for Lehigh Valley IronPigs : RHP Clarros Pedrogo
|
|
Batting: RHB Rudolf Gommers
|
0-0: Ball 1-0: Ball 2-0: Ball 3-0: Base on Balls
|
|
Batting: LHB Ben Antal
|
0-0: Foul Ball, location: 2F 0-1: Ball 1-1: Foul Ball, location: 2F 1-2: SINGLE (Groundball, 34D, EV 101.2 MPH) Rudolf Gommers to second Runner from 2nd tries for 3rd, SAFE, no throw by RF
|
|
Batting: RHB Jose Morrissey
|
0-0: Called Strike 0-1: Grounds into double play, 4-6-3 (Groundball, 4, EV 85.0 MPH) Rudolf Gommers scores
|
|
Batting: SHB Devin Hottenstein
|
0-0: Ball 1-0: SINGLE (Groundball, 13, EV 77.5 MPH) (infield hit)
|
|
Batting: SHB Gregg Whitecotton
|
0-0: Ball 1-0: SINGLE (Groundball, 6D, EV 103.1 MPH) Devin Hottenstein to second
|
|
Batting: LHB Luis Cruz
|
0-0: Ball 1-0: Ball 2-0: Ball 3-0: Ground out 4-3 (Groundball, 4, EV 91.9 MPH)
|
| Bottom of the 8th over - 1 run, 3 hits, 0 errors, 2 left on base; Lehigh Valley 2 - El Paso 9 |
| TOP OF THE 9TH |
|
Lehigh Valley IronPigs batting - Pitching for El Paso Chihuahuas : RHP Warren Swan
|
|
Batting: LHB Tyler Allen
|
0-0: Ball 1-0: Foul Ball, location: 2F 1-1: Foul Ball, location: 2F 1-2: Foul Ball, location: 2F 1-2: Strikes out looking
|
|
Batting: RHB Chris Pounds
|
0-0: Called Strike 0-1: Foul Ball, location: 2F 0-2: Strikes out swinging passed ball, reaches first!
|
|
Batting: RHB Aaron Burress
|
0-0: SINGLE (Groundball, 6MD, EV 100.6 MPH) Chris Pounds to second
|
|
Batting: LHB Osamu Kubo
|
0-0: Called Strike 0-1: Ball 1-1: Ball 2-1: Ball 3-1: Fielders Choice at 2nd, 4-6 (Groundball, 4, EV 78.8 MPH) Chris Pounds to third
|
|
Batting: RHB Matt Sanders
|
0-0: Called Strike 0-1: Ball 1-1: Ball 2-1: Ball 3-1: Called Strike 3-2: Foul Ball, location: 2F 3-2: Reached on error, E6 (Groundball, 56D, EV 101.2 MPH) Chris Pounds scores Osamu Kubo to second
|
|
Batting: SHB Lance Franklin
|
0-0: Ball 1-0: Called Strike 1-1: Foul Ball, location: 2F 1-2: Strikes out swinging
|
| Top of the 9th over - 1 run, 1 hit, 1 error, 2 left on base; Lehigh Valley 3 - El Paso 9 |
|